Map: Scrap Station

Players

DikPound - Winner!

  • Race: Zerg Zerg
  • League: Gold
  • Spawn Location: 12:00

tylerlavally

  • Race: Terran Terran
  • Spawn Location: 3:00

VOD

Have the link to the VOD?

Description

Time

  • Played on: March 9, 2022, 1:57 a.m.
  • Length: 7:01
Show
View Real Time Build Order
Export as new Build Order

DikPound Zerg - Winner!

Build Orders: Pool First 

Get SALT Encoding   

  12  1:00  Spawning Pool  
  12  1:02  Drone x3  
  14  1:05  Extractor  
  13  1:24  Drone  
  14  1:41  Overlord  
  14  1:42  Overlord  
  14  1:52  Overlord  
  14  2:29  Zergling x2, Extractor  
  15  2:30  Zergling x4, Queen  
  15  2:35  Spore Crawler  
  17  3:12  Lair  
  17  3:20  Drone x2  
  17  3:21  Drone  
  20  4:20  Spire  
  19  4:26  Queen  
  21  4:48  Hatchery  
  20  5:52  Mutalisk x6  
  32  6:06  Drone x4  
Show
View Real Time Build Order
Export as new Build Order

tylerlavally Terran 

Build Orders:  

Get SALT Encoding   

  12  2:15  Supply Depot  
  12  2:30  SCV  
  13  2:42  SCV  
  14  2:51  Command Center  
  14  2:54  SCV  
  15  3:04  Engineering Bay  
  15  3:06  SCV  
  16  3:39  Missile Turret  
  16  3:43  Missile Turret  
  16  3:50  SCV  
  17  4:02  SCV  
  18  4:04  Missile Turret  
  18  4:09  Refinery  
  18  4:14  SCV  
  19  4:19  Barracks  
  19  4:27  SCV  
  19  4:29  SCV  
  21  4:39  SCV  
  21  4:41  SCV  
  23  4:51  SCV  
  24  4:53  SCV  
  25  5:03  SCV  
  26  5:10  Refinery  
  26  5:14  Barracks Reactor  
  26  5:15  SCV  
  27  5:21  Missile Turret  
  27  5:27  SCV  
  27  5:39  SCV  
  28  5:43  Marine  
  20  6:00  Marine  
  12  6:12  SCV  
  8  6:18  Marine  
  8  6:24  SCV  
  8  6:36  SCV  
  8  6:48  SCV  
Tags
 
League
Gold
Matchup
TvZ
Opening
Pool First
Spawn Locations
Close Positions
Add a new tag
Caveats
  • Supply blocks, unpowered buildings, or Contaminate may cause inaccurate times.
  • Supply counts are checked every 10 seconds.